 Dungeon Sprint DCSS version 0.20-a0-640-g62ed22f (webtiles) character file.

32 esc the Sneak (level 3, -9/18 HPs)
             Began as a Spriggan Enchanter on Feb 12, 2017.
             Mangled by a wolf (11 damage)
             ... in the Dungeon (Sprint III: "The Ten Rune Challenge").
             The game lasted 00:01:53 (159 turns).

esc the Sneak (Spriggan Enchanter)                   Turns: 159, Time: 00:01:55

Health: -9/18      AC:  3    Str:  4    XL:     3   Next: 8%
Magic:  4/9        EV: 20    Int: 16    God:
Gold:   7          SH:  0    Dex: 17    Spells: 1/10 levels left

rFire    + . .     SeeInvis +   a - +1 dagger
rCold    . . .     Gourm    .   k - +1 robe {rF+}
rNeg     . . .     Faith    .   (shield restricted)
rPois    .         Spirit   .   (helmet restricted)
rElec    .         Reflect  .   (no cloak)
rCorr    .         Harm     .   (gloves unavailable)
MR       .....     NoTele   +   (boots unavailable)
Stlth    +++.......             (no amulet)
Regen    0.1/turn               (no ring)
MPRegen  0.2/turn               (no ring)

@: very slightly contaminated, very quick
A: unfitting armour, see invisible, herbivore 3, speed 3, slow metabolism 2
a: no special abilities


You were in the Dungeon.
You were not hungry.

You visited 1 branch You collected 7 gold pieces.

Inventory:

Hand Weapons
 a - a +1 dagger (weapon)
Armour
 k - a +1 robe of fire resistance (worn)
   (You took it off Jessica in the Dungeon)
Scrolls
 j - a scroll of blinking {!r}
Potions
 e - a potion of curing
 f - a potion of heal wounds
 g - a potion of haste
 h - a potion of magic
Books
 c - a book of Maledictions
Comestibles
 d - a bread ration {@e1}
 i - a fruit


   Skills:
 + Level 1.7 Fighting
 + Level 2.9 Short Blades
 + Level 4.4 Dodging
 + Level 6.0 Stealth
 + Level 4.2 Spellcasting
 + Level 4.6 Hexes


You had one spell level left.
You knew the following spells:

 Your Spells              Type           Power        Failure   Level  Hunger
a - Ensorcelled Hibernat  Hex/Ice        ##....       12%         2    ##.....
b - Tukima's Dance        Hex            ###.....     10%         3    ###....
c - Confuse               Hex            ###.....     10%         3    ###....
v - Corona                Hex            ###....      2%          1    None


Dungeon Overview and Level Annotations

Branches:
Dungeon (1/1)

Altars:


Innate Abilities, Weirdness & Mutations

You are very small and have problems with some larger weapons.
You are too small for most types of armour.
You have supernaturally acute eyesight. (SInv)
You are a herbivore.
You cover ground extremely quickly.
You need consume almost no food.


Message History

You have reached level 2!
You have reached level 3!
Your experience leads to an increase in your attributes!
Your base attributes are Str 4, Int 16, Dex 16.
Increase (S)trength, (I)ntelligence, or (D)exterity?
You feel agile.
You regained 10 hp, and now have 19/27 hp.
Unknown command.
Things that are here:
a glowing robe; a rat corpse You butcher the rat corpse.
You feel a strong urge to attack something.
Things that are here:
a glowing robe; a chunk of flesh {@w0} You feel your anger subside.
You are no longer berserk.
You are exhausted.
You feel yourself slow down.
i - a fruit You now have 13/18 hp.
Unknown command.
Things that are here:
a glowing robe; a chunk of flesh {@w0} Wear which item (? for menu, Esc to quit)
Okay, then.
k - a glowing robe Wear which item (? for menu, Esc to quit)
You start removing your armour.
You continue taking off your +0 robe. x4
You finish taking off your +0 robe.
You start putting on your armour.
You continue putting on your glowing robe. x5
You finish putting on your +1 robe of fire resistance.
You feel resistant to fire.
You regained 2 mp, and now have 8/9 mp.
Drop what? 11/52 slots (_ for help) (? for menu, Esc to quit)
You drop a +0 robe.
You start resting.
You feel yourself speed up.
MP restored: 9 You start resting.
You feel less exhausted.
You start resting.
Health restored: 18 Memorise Ensorcelled Hibernation, consuming 2 spell levels and leaving 7?
You start memorising the spell.
You continue memorising. x2
You finish memorising.
Spell assigned to 'a'.
Memorise Confuse, consuming 3 spell levels and leaving 4?
You start memorising the spell.
You continue memorising. x3
You finish memorising.
Spell assigned to 'c'.
Memorise Tukima's Dance, consuming 3 spell levels and leaving 1?
You start memorising the spell.
You continue memorising. x3
You finish memorising.
Spell assigned to 'b'.
Okay, then.
You open the door.
There is an open door here.
A wolf comes into view.
Aim: a wolf (hasn't noticed you, chance to defeat MR: 41%)
The wolf resists with some effort.
You now have 7/9 mp.
Aim: a wolf (chance to defeat MR: 41%)
The wolf resists with some effort.
You now have 5/9 mp.
Aim: a wolf (chance to defeat MR: 41%)
The wolf resists with some effort.
You now have 3/9 mp.
Aim: a wolf (chance to defeat MR: 41%)
You miscast Ensorcelled Hibernation.
You are very lightly contaminated with residual magic.
Wisps of condensation drift from your hands.
The wolf bites you. x2
You take 12 damage, and have 6/18 hp.
MASSIVE DAMAGE!!
You now have 1/9 mp.
There is an open door here.
There is an open door here.
Aim: a wolf (chance to defeat MR: 41%)
The wolf resists with some effort.
The wolf misses you. The wolf completely misses you.
You now have 0/9 mp.
There is an open door here.
There is a staircase leading out of the dungeon here.
Magic courses through your body. The wolf misses you.
MP restored: 9
Aim: a wolf (chance to defeat MR: 41%)
You miscast Ensorcelled Hibernation.
Nothing appears to happen.
The wolf misses you. x2
You now have 7/9 mp.
Unknown command.
Unknown command.
Aim: a wolf (chance to defeat MR: 41%)
The wolf resists with some effort.
The wolf bites you.
* * * LOW HITPOINT WARNING * * *
The wolf closely misses you.
You take 5 damage, and have 2/18 hp.
MASSIVE DAMAGE!!
You now have 5/9 mp.
Unknown command.
Aim: a wolf (chance to defeat MR: 41%)
The wolf resists with some effort.
The wolf bites you!
Ouch! That really hurt!
You die...

▓▓▓▓ ▓@.# ▓h.#
▓#'####.....♣♣
▓..†..#....≈.♣♣
▓.....#...≈≈♣.♣
▓.....#..≈≈≈≈♣.
▓####'#..≈≈≈≈≈≈
▓.....#.≈≈≈≈≈≈.
▓...[.#.h≈≈≈≈..


You could see a wolf.

Vanquished Creatures
  Jessica (D)
  An ooze (D)
  2 rats (D)
4 creatures vanquished.

Vanquished Creatures (others)
  4 hellions (D)
  A plant (D)
5 creatures vanquished.

Grand Total: 9 creatures vanquished

Notes
Turn   | Place    | Note
-------+----------+-------------------------------------------
     0 | D        | esc the Spriggan Enchanter began the quest for the Orb.
     0 | D        | Reached XP level 1. HP: 9/9 MP: 5/5
     4 | D        | Reached skill level 3 in Spellcasting
     6 | D        | Reached skill level 5 in Stealth
     6 | D        | Reached skill level 4 in Hexes
    12 | D        | Noticed Jessica
    19 | D        | Killed Jessica
    19 | D        | Reached skill level 1 in Fighting
    19 | D        | Reached skill level 2 in Short Blades
    19 | D        | Reached skill level 4 in Dodging
    19 | D        | Reached skill level 6 in Stealth
    19 | D        | Reached skill level 4 in Spellcasting
    19 | D        | Reached XP level 2. HP: 15/15 MP: 6/8
    19 | D        | Reached XP level 3. HP: 18/18 MP: 6/9
    87 | D        | Learned a level 2 spell: Ensorcelled Hibernation
    90 | D        | Killed a hellion
    91 | D        | Learned a level 3 spell: Confuse
    91 | D        | Killed a hellion
    91 | D        | Killed a hellion
    95 | D        | Learned a level 3 spell: Tukima's Dance
   129 | D        | Killed a hellion
   158 | D        | HP: 2/18 [wolf (5)]
   159 | D        | Mangled by a wolf

Vault maps used:
D:        dungeon_sprint_mu

Skill      XL: |  1 |
---------------+----+-----
Spellcasting   | 4 |  4.2
Stealth        | 6 |  6.0
Hexes          | 4 |  4.6
Fighting       | 1 |  1.7
Short Blades   | 2 |  2.9
Dodging        | 4 |  4.4

Action                   || total
-------------------------++-------
Melee: Dagger            ||     8
 Cast: Ensorcelled Hiber ||     6
  Use: Potion            ||     2
 Stab: Sleeping          ||     2
Dodge: Dodged            ||     9

Vault maps used:
D:        dungeon_sprint_mu

Table legend:
 A = Turns spent in this place as a percentage of turns spent in the entire game.
 B = Non-inter-level travel turns spent in this place as a percentage of non-inter-level travel turns spent in the entire game.
 C = Inter-level travel turns spent in this place as a percentage of turns spent in this place.
 D = Turns resting spent in this place as a percentage of non-inter-level travel turns spent in this place.
 E = Turns spent auto-exploring this place as a percentage of non-inter-level travel turns spent in this place.
 F = Non-inter-level travel turns spent in this place divided by the number of levels of this place that you've seen.
                   A       B       C       D       E      F
               +-------+-------+-------+-------+-------+----------------------
         Total | 100.0 | 100.0 |   0.0 |   3.5 |   0.0 | 113.0
       Dungeon | 100.0 | 100.0 |   0.0 |   3.5 |   0.0 | 113.0
               +-------+-------+-------+-------+-------+----------------------

Table legend:
 A = Kills in this place as a percentage of kills in entire the game.
 B = Kills by you in this place as a percentage of kills by you in the entire game.
 C = Kills by friends in this place as a percentage of kills by friends in the entire game.
 D = Other kills in this place as a percentage of other kills in the entire game.
 E = Experience gained in this place as a percentage of experience gained in the entire game.
 F = Experience gained in this place divided by the number of levels of this place that you have seen.
                   A       B       C       D       E      F
               +-------+-------+-------+-------+-------+----------------------
         Total | 100.0 | 100.0 |  -nan |  -nan | 100.0 |  46.0
       Dungeon | 100.0 | 100.0 |  -nan |  -nan | 100.0 |  46.0
               +-------+-------+-------+-------+-------+----------------------
